TOP OF THE 1ST |
Myrtle Beach Seahawks batting - Pitching for Hogsmeade Cauldrons : LHP Dave McAlear
|
Pitching: LHP Dave McAlear
|
|
Batting: RHB Lucas Gallant
|
0-0: Called Strike 0-1: Ball 1-1: SINGLE (Line Drive, 56)
|
Batting: RHB Al Ellis
|
0-0: Foul Ball, location: 2F 0-1: Swinging Strike 0-2: Ball 1-2: Foul Ball, location: 2F 1-2: Foul Ball, location: 2F 1-2: Fly out, F7 (Flyball, 7S)
|
Batting: LHB Anastasio Flores
|
0-0: Ball 1-0: Called Strike 1-1: Foul Ball, location: 2F 1-2: Strikes out swinging
|
Batting: LHB Gregory Clement
|
0-0: Foul Ball, location: 2F 0-1: Ball 1-1: Ball 2-1: Foul Ball, location: 2F 2-2: Foul Ball, location: 2F 2-2: SINGLE (Flyball, 78S) Lucas Gallant to second
|
Batting: RHB César Salvatierra
|
0-0: Called Strike 0-1: Ball 1-1: Ball 2-1: Ball 3-1: Foul Ball, location: 2F 3-2: Foul Ball, location: 2F 3-2: Fly out, F4 (Popup, 4M)
|
Top of the 1st over - 0 runs, 2 hits, 0 errors, 2 left on base; Myrtle Beach 0 - Hogsmeade 0 |
BOTTOM OF THE 1ST |
Hogsmeade Cauldrons batting - Pitching for Myrtle Beach Seahawks : RHP Leon Alfons
|
Pitching: RHP Leon Alfons
|
|
Batting: LHB Bartolo Trejo
|
0-0: Foul Ball, location: 2F 0-1: Ground out 4-3 (Groundball, 4)
|
Batting: RHB Diederick Tuiters
|
0-0: SINGLE (Groundball, 6D)
|
Batting: SHB Max Bortenschlager
|
0-0: Ball 1-0: Ball 2-0: Called Strike 2-1: Foul Ball, location: 2F 2-2: Strikes out swinging
|
Batting: LHB Ewan Manshert
|
0-0: Ball 1-0: Ball Diederick Tuiters steals 2nd base 2-0: Ball 3-0: Base on Balls
|
Batting: RHB Luis Tañón
|
0-0: Called Strike 0-1: Reached via error on a dropped throw, E1 Diederick Tuiters to third Ewan Manshert to second
|
Batting: RHB Graeme Dormer
|
0-0: Swinging Strike 0-1: Foul Ball, location: 2F 0-2: Ball 1-2: Ball Wild Pitch! Diederick Tuiters scores Ewan Manshert to third Luis Tañón to second 2-2: TRIPLE (Line Drive, 8RXD) Ewan Manshert scores Luis Tañón scores
|
Batting: RHB Peter Holland
|
0-0: Called Strike 0-1: Ball 1-1: Ball 2-1: Ground out 6-3 (Groundball, 6M)
|
Bottom of the 1st over - 3 runs, 2 hits, 1 error, 1 left on base; Myrtle Beach 0 - Hogsmeade 3 |
TOP OF THE 2ND |
Myrtle Beach Seahawks batting - Pitching for Hogsmeade Cauldrons : LHP Dave McAlear
|
Batting: RHB Kamaaluddeen Kohli
|
0-0: Ball 1-0: Ball 2-0: Ground out 6-3 (Groundball, 6)
|
Batting: RHB Miguel Pacheco
|
0-0: Called Strike 0-1: Ball 1-1: Ball 2-1: Ball 3-1: Fly out, F3 (Popup, 3S)
|
Batting: RHB Miguel Rey
|
0-0: SINGLE (Line Drive, 7LS)
|
Batting: LHB Sandro Goro
|
0-0: Fly out, F7 (Flyball, 7D)
|
Top of the 2nd over - 0 runs, 1 hit, 0 errors, 1 left on base; Myrtle Beach 0 - Hogsmeade 3 |
BOTTOM OF THE 2ND |
Hogsmeade Cauldrons batting - Pitching for Myrtle Beach Seahawks : RHP Leon Alfons
|
Batting: RHB Jimmy Robinson
|
0-0: Fly out, F7 (Flyball, 78M)
|
Batting: RHB Héctor Dávila
|
0-0: Called Strike 0-1: SINGLE (Groundball, 56D)
|
Batting: LHB Bartolo Trejo
|
0-0: Called Strike 0-1: Ball 1-1: Fly out, F9 (Line Drive, 89D)
|
Batting: RHB Diederick Tuiters
|
0-0: Called Strike 0-1: Ball 1-1: Fielders Choice at 2nd, U4 (Groundball, 4M)
|
Bottom of the 2nd over - 0 runs, 1 hit, 0 errors, 1 left on base; Myrtle Beach 0 - Hogsmeade 3 |
TOP OF THE 3RD |
Myrtle Beach Seahawks batting - Pitching for Hogsmeade Cauldrons : LHP Dave McAlear
|
Batting: RHB Lucas Gallant
|
0-0: Ball 1-0: Called Strike 1-1: Fly out, F7 (Line Drive, 7S)
|
Batting: RHB Al Ellis
|
0-0: Called Strike 0-1: Ball 1-1: Foul Ball, location: 2F 1-2: Ground out 4-3 (Groundball, 4)
|
Batting: LHB Anastasio Flores
|
0-0: Ball 1-0: Called Strike 1-1: Ball 2-1: Fly out, F8 (Flyball, 78M)
|
Top of the 3rd over - 0 runs, 0 hits, 0 errors, 0 left on base; Myrtle Beach 0 - Hogsmeade 3 |
BOTTOM OF THE 3RD |
Hogsmeade Cauldrons batting - Pitching for Myrtle Beach Seahawks : RHP Leon Alfons
|
Batting: SHB Max Bortenschlager
|
0-0: Foul Ball, location: 2F 0-1: Ground out U3 (Groundball, 34S)
|
Batting: LHB Ewan Manshert
|
0-0: Fly out, F7 (Line Drive, 7)
|
Batting: RHB Luis Tañón
|
0-0: SINGLE (Groundball, 4MS) (infield hit)
|
Batting: RHB Graeme Dormer
|
0-0: Ball 1-0: Reached on error, E4 (Groundball, 4) Luis Tañón to third
|
Batting: RHB Peter Holland
|
0-0: Ball 1-0: Foul Ball, location: 2F 1-1: Foul Ball, location: 2F 1-2: Ball 2-2: Ball 3-2: Base on Balls
|
Batting: RHB Jimmy Robinson
|
0-0: Ball 1-0: SINGLE (Groundball, 34) (infield hit) Luis Tañón scores Graeme Dormer to third Peter Holland to second
|
Batting: RHB Héctor Dávila
|
0-0: Ball Wild Pitch! Graeme Dormer scores Peter Holland to third Jimmy Robinson to second 1-0: Ground out U3 (Groundball, 34)
|
Bottom of the 3rd over - 2 runs, 2 hits, 1 error, 2 left on base; Myrtle Beach 0 - Hogsmeade 5 |
TOP OF THE 4TH |
Myrtle Beach Seahawks batting - Pitching for Hogsmeade Cauldrons : LHP Dave McAlear
|
Batting: LHB Gregory Clement
|
0-0: Ball 1-0: SINGLE (Line Drive, 6)
|
Batting: RHB César Salvatierra
|
Pickoff Throw to First - Out! 0-0: Foul Ball, location: 2F 0-1: Ball 1-1: Swinging Strike 1-2: Ball 2-2: Strikes out swinging
|
Batting: RHB Kamaaluddeen Kohli
|
0-0: Swinging Strike 0-1: Ball 1-1: Ball 2-1: Ball 3-1: Base on Balls
|
Batting: RHB Miguel Pacheco
|
0-0: SINGLE (Groundball, 6MD) Kamaaluddeen Kohli to second Runner from 2nd tries for 3rd, SAFE, throw made to third
|
Batting: RHB Miguel Rey
|
0-0: Ball 1-0: Called Strike 1-1: Foul Ball, location: 2F 1-2: SINGLE (Flyball, 9S) Kamaaluddeen Kohli scores Miguel Pacheco to second Runner from 2nd tries for 3rd, SAFE, no throw
|
Batting: LHB Sandro Goro
|
0-0: Called Strike 0-1: Ball 1-1: Ball 2-1: Swinging Strike 2-2: Fly out, F8 (Flyball, 8LD)
|
Top of the 4th over - 1 run, 3 hits, 0 errors, 2 left on base; Myrtle Beach 1 - Hogsmeade 5 |
BOTTOM OF THE 4TH |
Hogsmeade Cauldrons batting - Pitching for Myrtle Beach Seahawks : RHP Leon Alfons
|
Batting: LHB Bartolo Trejo
|
0-0: Swinging Strike 0-1: SINGLE (Flyball, 78S)
|
Batting: RHB Diederick Tuiters
|
0-0: Swinging Strike 0-1: Foul Ball, location: 2F 0-2: Foul Ball, location: 2F 0-2: Ball Bartolo Trejo steals 2nd base 1-2: Ball 2-2: Ball 3-2: Base on Balls
|
Batting: SHB Max Bortenschlager
|
0-0: SINGLE (Line Drive, 4MD) Bartolo Trejo to third Diederick Tuiters to second
|
Batting: LHB Ewan Manshert
|
0-0: Called Strike 0-1: Ball 1-1: Ball 2-1: SINGLE (Line Drive, 56) Bartolo Trejo scores Diederick Tuiters to third Max Bortenschlager to second
|
Batting: RHB Luis Tañón
|
0-0: Foul Ball, location: 2F 0-1: Ball 1-1: Grounds into double play, 5-4-3 (Groundball, 56) Diederick Tuiters scores Max Bortenschlager to third
|
Batting: RHB Graeme Dormer
|
0-0: Swinging Strike 0-1: Ball 1-1: Ground out 1-3 (Groundball, 15S)
|
Bottom of the 4th over - 2 runs, 3 hits, 0 errors, 1 left on base; Myrtle Beach 1 - Hogsmeade 7 |
TOP OF THE 5TH |
Myrtle Beach Seahawks batting - Pitching for Hogsmeade Cauldrons : LHP Dave McAlear
|
Batting: RHB Lucas Gallant
|
0-0: SINGLE (Groundball, 6MD)
|
Batting: RHB Al Ellis
|
0-0: Fly out, F4 (Popup, 4)
|
Batting: LHB Anastasio Flores
|
0-0: Grounds into double play, 6-4-3 (Groundball, 6)
|
Top of the 5th over - 0 runs, 1 hit, 0 errors, 0 left on base; Myrtle Beach 1 - Hogsmeade 7 |
BOTTOM OF THE 5TH |
Hogsmeade Cauldrons batting - Pitching for Myrtle Beach Seahawks : RHP Leon Alfons
|
Batting: RHB Peter Holland
|
0-0: Called Strike 0-1: Foul Ball, location: 2F 0-2: Ball 1-2: Strikes out looking
|
Batting: RHB Jimmy Robinson
|
0-0: Called Strike 0-1: Foul Ball, location: 2F 0-2: Strikes out looking
|
Batting: RHB Héctor Dávila
|
0-0: Ball 1-0: Called Strike 1-1: Ball 2-1: Fly out, F5 (Popup, 5SF)
|
Bottom of the 5th over - 0 runs, 0 hits, 0 errors, 0 left on base; Myrtle Beach 1 - Hogsmeade 7 |
TOP OF THE 6TH |
Myrtle Beach Seahawks batting - Pitching for Hogsmeade Cauldrons : LHP Dave McAlear
|
Batting: LHB Gregory Clement
|
0-0: Ball 1-0: Fly out, F5 (Line Drive, 56)
|
Batting: RHB César Salvatierra
|
0-0: Swinging Strike 0-1: Ball 1-1: Ball 2-1: Foul Ball, location: 2F 2-2: Ball 3-2: Foul Ball, location: 2F 3-2: Base on Balls
|
Batting: RHB Kamaaluddeen Kohli
|
0-0: Ball 1-0: Called Strike 1-1: SINGLE (Groundball, 56D) César Salvatierra to second
|
Batting: RHB Miguel Pacheco
|
0-0: Grounds into double play, 6-4-3 (Groundball, 6)
|
Top of the 6th over - 0 runs, 1 hit, 0 errors, 1 left on base; Myrtle Beach 1 - Hogsmeade 7 |
BOTTOM OF THE 6TH |
Hogsmeade Cauldrons batting - Pitching for Myrtle Beach Seahawks : RHP Leon Alfons
|
Pitching: RHP Bailey Achurch
|
|
Batting: LHB Bartolo Trejo
|
0-0: Swinging Strike 0-1: Called Strike 0-2: Ball 1-2: Strikes out looking
|
Batting: RHB Diederick Tuiters
|
0-0: Ball 1-0: Fly out, F4 (Popup, 4S)
|
Batting: SHB Max Bortenschlager
|
0-0: SOLO HOME RUN (Flyball, 7D), Distance : 395 ft
|
Batting: LHB Ewan Manshert
|
0-0: Ball 1-0: Ball 2-0: Foul Ball, location: 2F 2-1: Ball 3-1: SINGLE (Groundball, 13S) (infield hit)
|
Batting: RHB Luis Tañón
|
0-0: Called Strike 0-1: Foul Ball, location: 2F 0-2: Ball 1-2: Ball 2-2: Ball 3-2: Foul Ball, location: 2F 3-2: Strikes out swinging
|
Bottom of the 6th over - 1 run, 2 hits, 0 errors, 1 left on base; Myrtle Beach 1 - Hogsmeade 8 |
TOP OF THE 7TH |
Myrtle Beach Seahawks batting - Pitching for Hogsmeade Cauldrons : LHP Dave McAlear
|
Batting: RHB Miguel Rey
|
0-0: Called Strike 0-1: Ball 1-1: Foul Ball, location: 2F 1-2: Ball 2-2: Foul Ball, location: 2F 2-2: Ball 3-2: Base on Balls
|
Batting: LHB Sandro Goro
|
0-0: Called Strike 0-1: Ball 1-1: Fly out, F7 (Flyball, 7S)
|
Batting: RHB Lucas Gallant
|
0-0: Grounds into double play, 4-6-3 (Groundball, 4)
|
Top of the 7th over - 0 runs, 0 hits, 0 errors, 0 left on base; Myrtle Beach 1 - Hogsmeade 8 |
BOTTOM OF THE 7TH |
Hogsmeade Cauldrons batting - Pitching for Myrtle Beach Seahawks : RHP Bailey Achurch
|
Batting: RHB Graeme Dormer
|
0-0: Fly out, F7 (Flyball, 7LS)
|
Batting: RHB Peter Holland
|
0-0: Ball 1-0: Called Strike 1-1: Ball 2-1: Foul Ball, location: 2F 2-2: SINGLE (Line Drive, 56)
|
Batting: RHB Jimmy Robinson
|
0-0: Called Strike 0-1: Ball 1-1: Fielders Choice at 2nd, 5-4 (Groundball, 56)
|
Batting: RHB Héctor Dávila
|
0-0: Called Strike 0-1: Foul Ball, location: 2F 0-2: Ball 1-2: Strikes out swinging
|
Bottom of the 7th over - 0 runs, 1 hit, 0 errors, 1 left on base; Myrtle Beach 1 - Hogsmeade 8 |
TOP OF THE 8TH |
Myrtle Beach Seahawks batting - Pitching for Hogsmeade Cauldrons : LHP Dave McAlear
|
Batting: RHB Al Ellis
|
0-0: Ball 1-0: Ball 2-0: Ball 3-0: Called Strike 3-1: Called Strike 3-2: DOUBLE (Line Drive, 7LS)
|
Batting: LHB Anastasio Flores
|
0-0: Ball 1-0: SINGLE (Flyball, 7S) Al Ellis to third
|
Batting: LHB Gregory Clement
|
0-0: Foul Ball, location: 2F 0-1: Called Strike 0-2: Ball 1-2: SINGLE (Flyball, 78M) Al Ellis scores Anastasio Flores to second
|
Batting: RHB César Salvatierra
|
0-0: Called Strike 0-1: Called Strike 0-2: Strikes out swinging
|
Batting: RHB Kamaaluddeen Kohli
|
0-0: Ball 1-0: Called Strike 1-1: Called Strike 1-2: Foul Ball, location: 2F 1-2: Foul Ball, location: 2F 1-2: Ball 2-2: Ball 3-2: Foul Ball, location: 2F 3-2: Base on Balls Anastasio Flores to third Gregory Clement to second
|
Pitching: LHP Callum Dallin
|
|
Batting: RHB Miguel Pacheco
|
0-0: Ball 1-0: Swinging Strike 1-1: Grounds into double play, 5-4-3 (Groundball, 56)
|
Top of the 8th over - 1 run, 3 hits, 0 errors, 2 left on base; Myrtle Beach 2 - Hogsmeade 8 |
BOTTOM OF THE 8TH |
Hogsmeade Cauldrons batting - Pitching for Myrtle Beach Seahawks : RHP Bailey Achurch
|
Batting: LHB Bartolo Trejo
|
0-0: Fly out, F4 (Line Drive, 4M)
|
Batting: RHB Diederick Tuiters
|
0-0: Ball 1-0: SINGLE (Groundball, 6MD)
|
Batting: SHB Max Bortenschlager
|
0-0: Fly out, F6 (Line Drive, 6)
|
Batting: LHB Ewan Manshert
|
0-0: Ball 1-0: Ball 2-0: Ground out 4-3 (Groundball, 4)
|
Bottom of the 8th over - 0 runs, 1 hit, 0 errors, 1 left on base; Myrtle Beach 2 - Hogsmeade 8 |
TOP OF THE 9TH |
Myrtle Beach Seahawks batting - Pitching for Hogsmeade Cauldrons : LHP Callum Dallin
|
Batting: RHB Miguel Rey
|
0-0: Fly out, F3 (Popup, 3SF)
|
Batting: LHB Sandro Goro
|
0-0: Ball 1-0: Ball 2-0: Ball 3-0: Called Strike 3-1: Swinging Strike 3-2: Reached on error, E6 (Groundball, 6)
|
Batting: RHB Lucas Gallant
|
0-0: Called Strike 0-1: Swinging Strike 0-2: Ball 1-2: Strikes out swinging
|
Batting: RHB Al Ellis
|
0-0: Ball 1-0: Foul Ball, location: 2F 1-1: Ball 2-1: Foul Ball, location: 2F 2-2: Ground out 4-3 (Groundball, 34)
|
Top of the 9th over - 0 runs, 0 hits, 1 error, 1 left on base; Myrtle Beach 2 - Hogsmeade 8 |
|